 Dungeon Crawl Stone Soup version 0.21.1-1-g345015fe64 (webtiles) character file.

502 Peloso the Shield-Bearer (level 6, -4/55 HPs)
             Began as a Minotaur Fighter on June 29, 2018.
             Slain by WobbleTop's ghost (8 damage)
             ... on level 5 of the Dungeon.
             The game lasted 00:07:53 (3422 turns).

Peloso the Shield-Bearer (Minotaur Fighter)         Turns: 3422, Time: 00:07:53

Health: -4/55      AC: 11    Str: 22    XL:     6   Next: 95%
Magic:  14/14      EV:  6    Int:  5    God:
Gold:   332        SH: 10    Dex:  8    Spells: 5/5 levels left

rFire    . . .     SeeInvis .   a - +0 falchion (elec)
rCold    . . .     Gourm    .   c - +0 shield
rNeg     . . .     Faith    .   b - +0 chain mail
rPois    +         Spirit   .   (helmet restricted)
rElec    .         Reflect  .   (no cloak)
rCorr    .         Harm     .   (no gloves)
MR       .....                  (no boots)
Stlth    ..........             n - amulet of regeneration
HPRegen  0.58/turn              h - ring of poison resistance
MPRegen  0.14/turn              l - ring of magical power

@: lethally poisoned (-4 -> -5)
A: retaliatory headbutt, horns 2, iridescent scales 1, clumsy 1
a: no special abilities


You were on level 5 of the Dungeon.
You were hungry.

You visited 1 branch of the dungeon, and saw 5 of its levels.

You collected 332 gold pieces.

Inventory:

Hand Weapons
 a - a +0 falchion of electrocution (weapon)
 x - the cursed +1 flail "Culagod" {vamp, Str+5, unknown}
   (You found it on level 5 of the Dungeon)

   It inflicts no extra harm, but heals its wielder when it wounds a living foe.
   It affects your strength (+5).
   It has a curse placed upon it.
Armour
 b - a +0 chain mail (worn)
 c - a +0 shield (worn)
Jewellery
 h - a ring of poison resistance (left hand)
 l - a ring of magical power (right hand)
 n - an amulet of regeneration (around neck)
Wands
 d - a wand of scattershot (5)
Scrolls
 g - 2 scrolls of magic mapping {unknown}
 i - 3 scrolls of identify {unknown}
 j - 8 scrolls of teleportation {unknown}
 k - a scroll of remove curse {unknown}
 m - a scroll of amnesia {unknown}
 o - 2 scrolls of enchant weapon {unknown}
 p - a scroll of blinking {unknown}
 r - a scroll of fog {unknown}
 w - a scroll of immolation {unknown}
 y - a scroll of enchant armour {unknown}
Potions
 e - 3 potions of curing {unknown}
 q - a potion of might
 s - a potion of ambrosia {unknown}
 t - a potion of invisibility
 v - a potion of heal wounds {unknown}
 A - a potion of haste {unknown}
Books
 u - a book of Changes

   Spells                             Type                      Level
   a - Beastly Appendage              Transmutation                1
   b - Sticks to Snakes               Transmutation                2
   c - Spider Form                    Transmutation/Poison         3
   d - Ice Form                       Ice/Transmutation            4
   e - Blade Hands                    Transmutation                5
Comestibles
 f - 6 rations


   Skills:
 + Level 4.8 Fighting
 + Level 5.5 Long Blades
 + Level 5.3 Armour
 + Level 1.5 Dodging
 + Level 5.8 Shields


You had 5 spell levels left.
You didn't know any spells.

Dungeon Overview and Level Annotations

Branches:
Dungeon (5/15)
 Temple: D:4-7

Altars:
Hepliaklqana
Xom

Annotations:
D:5 WobbleTop's ghost, novice NaVM


Innate Abilities, Weirdness & Mutations

You reflexively headbutt those who attack you in melee.
You have a pair of horns on your head.
You are partially covered in iridescent scales. (AC +2)
You are clumsy. (Dex -2)


Message History

WobbleTop's ghost closely misses you. You furiously retaliate!
You headbutt WobbleTop's ghost, but do no damage.
You block WobbleTop's ghost's attack.
You feel sick. WobbleTop's ghost barely misses you.
WobbleTop's ghost points at you and mumbles some strange words.
The sting hits you!
You are more poisoned.
You resist. WobbleTop's ghost hits you.
* * * LOW HITPOINT WARNING * * *
You feel sick. WobbleTop's ghost barely misses you. You furiously retaliate!
You headbutt WobbleTop's ghost! WobbleTop's ghost casts a spell at you.
The sting hits you!
You are more poisoned.
You resist.
You feel sick. You block WobbleTop's ghost's attack.
You feel sick. You block WobbleTop's ghost's attack.
WobbleTop's ghost hits you!
You die...

..##'## #.#
..##.# #.#
..##.# #.#
..##.# #.#
..##.# #.#
#########
..##.# #.#
#........
..##.# #.#
#.# #..
#.###.#
#...W@#####
#.........)..
##.##########
#.. ####


You could see WobbleTop's ghost.

Vanquished Creatures
  2 scorpions
  A hound (D:4)
  Ijyb (D:3)
  An orc wizard (D:3)
  A worker ant (D:4)
  8 adders
  7 gnolls
  A river rat (D:3)
  An adder skeleton (D:4)
  7 worms
  A dart slug (D:3)
  8 leopard geckos
  11 orcs
  8 bats
  7 giant cockroaches
  8 goblins
  13 hobgoblins
  8 jackals
  A quokka (D:4)
  2 frilled lizards
  10 kobolds
  6 rats
113 creatures vanquished.

Notes
Turn   | Place    | Note
-------+----------+-------------------------------------------
     0 | D:1      | Peloso the Minotaur Fighter began the quest for the Orb.
     0 | D:1      | Reached XP level 1. HP: 19/19 MP: 0/0
   122 | D:1      | Reached XP level 2. HP: 23/27 MP: 1/1
   235 | D:1      | Reached XP level 3. HP: 29/33 MP: 2/2
   754 | D:2      | Reached XP level 4. HP: 40/40 MP: 3/3
  1181 | D:3      | Gained mutation: You are clumsy. (Dex -2) [potion of mutation]
  1181 | D:3      | Gained mutation: You are partially covered in iridescent scales. (AC +2) [potion of mutation]
  1189 | D:3      | Reached XP level 5. HP: 17/47 MP: 4/4
  1195 | D:3      | Noticed Ijyb
  1204 | D:3      | Killed Ijyb
  1204 | D:3      | Reached skill level 1 in Dodging
  1730 | D:3      | Reached skill level 5 in Shields
  2038 | D:3      | Reached XP level 6. HP: 53/53 MP: 5/5
  2341 | D:4      | Reached skill level 5 in Long Blades
  2881 | D:4      | Reached skill level 5 in Armour
  3042 | D:5      | Entered Level 5 of the Dungeon
  3196 | D:5      | Got a faintly glowing flail
  3294 | D:5      | Found a shimmering altar of Xom.
  3295 | D:5      | Found a hazy altar of Hepliaklqana.
  3295 | D:5      | Noticed a yak
  3296 | D:5      | Noticed a yak
  3296 | D:5      | Noticed a spectral ugly thing
  3348 | D:5      | Noticed WobbleTop's ghost (novice NaVM)
  3422 | D:5      | Slain by WobbleTop's ghost

Skill      XL: |  1  2  3  4  5  6 |
---------------+-------------------+-----
Fighting       | 4 |  4.8
Armour         | 4 5 |  5.3
Shields        | 4 5 |  5.8
Long Blades    | 3 4 5 |  5.5
Dodging        | 1 |  1.5

Action                   |  1- 3 |  4- 6 || total
-------------------------+-------+-------++-------
Melee: Long sword        |    76 |    69 ||   145
       Headbutt          |     6 |    36 ||    42
       Falchion          |       |   156 ||   156
  Use: Potion            |       |     2 ||     2
  Eat: Chunk             |       |     8 ||     8
Armor: Scale mail        |    31 |       ||    31
       Chain mail        |    11 |   207 ||   218
Dodge: Dodged            |    32 |   109 ||   141
Block: Shield            |    47 |   208 ||   255
       Rpst.: Long sword |     3 |     5 ||     8
       Falchion          |       |    17 ||    17
